 Dungeon Crawl Stone Soup version 0.22-a0-479-gc6e99f3 (webtiles) character file.

521 vineage the Cleaver (level 7, -5/63 HPs)
             Began as a Hill Orc Fighter on June 14, 2018.
             Slain by a sky beast (6 damage)
             ... on level 5 of the Dungeon.
             The game lasted 00:04:24 (3919 turns).

vineage the Cleaver (Hill Orc Fighter)              Turns: 3919, Time: 00:04:24

Health: -5/63      AC: 11    Str: 26    XL:     7   Next: 21%
Magic:  7/7        EV:  4    Int:  8    God:
Gold:   188        SH:  9    Dex: 10    Spells: 6/6 levels left

rFire    . . .     SeeInvis .   a - +0 war axe
rCold    . . .     Gourm    .   c - +0 shield
rNeg     . . .     Faith    .   l - +0 plate armour
rPois    .         Spirit   .   (no helmet)
rElec    .         Reflect  .   (no cloak)
rCorr    .         Harm     .   (no gloves)
MR       .....                  (no boots)
Stlth    ..........             (no amulet)
HPRegen  0.20/turn              (no ring)
MPRegen  0.10/turn              (no ring)

@: mighty
A: evolution 1, no potion heal 1
a: no special abilities


You were on level 5 of the Dungeon.
You were full.

You visited 1 branch of the dungeon, and saw 5 of its levels.

You collected 188 gold pieces.

Inventory:

Hand Weapons
 a - a +0 war axe (weapon)
Armour
 b - a +0 scale mail
 c - a +0 shield (worn)
 l - a +0 plate armour (worn)
Jewellery
 s - an uncursed ring of fire {unknown}
Scrolls
 h - 3 scrolls of fear {unknown}
 n - 2 scrolls of enchant armour {unknown}
 o - a scroll of immolation {unknown}
 q - 2 scrolls of amnesia {unknown}
 r - 2 scrolls of enchant weapon {unknown}
Potions
 d - a potion of might
 e - a potion of cancellation
 j - 3 potions of haste
 k - 2 potions of degeneration
 m - a potion of flight {unknown}
 p - a potion of brilliance {unknown}
 t - a potion of lignification {unknown}
Comestibles
 f - 8 rations


   Skills:
 + Level 6.1 Fighting
 + Level 8.4 Axes
 - Level 3.2 Armour
 - Level 3.2 Shields


You had 6 spell levels left.
You didn't know any spells.
Your spell library contained the following spells:

 Spells                   Type           Power        Failure   Level  Hunger
 Confuse                  Hex            #.......     100%        3    ####...
 Confusing Touch          Hex            #.....       100%        1    ##.....
 Metabolic Englaciation   Hex/Ice        #.........   100%        5    ######.
 Petrify                  Tmut/Erth      #.......     100%        4    #####..
 Gell's Gravitas          Tloc           #.........   100%        3    ####...
 Yara's Violent Unravell  Hex/Tmut       #.........   100%        5    ######.


Dungeon Overview and Level Annotations

Branches:
Dungeon (5/15)
 Temple: D:4-7

Altars:
Cheibriados
Wu Jian


Innate Abilities, Weirdness & Mutations

You evolve.
Potions are less effective at restoring your health.


Message History

You closely miss something. Something hits you but does no damage.
You barely miss something. Something completely misses you.
Your plate armour prevents you from hitting something.
Something hits you.
* * * LOW HITPOINT WARNING * * *
Something shocks you.
* * * LOW HITPOINT WARNING * * *
Your shield and plate armour prevent you from hitting something.
Something hits you but does no damage.
You barely miss something. Something hits you.
* * * LOW HITPOINT WARNING * * *
Something shocks you.
* * * LOW HITPOINT WARNING * * *
Something hits you but does no damage.
Your plate armour prevents you from hitting something.
Something hits you but does no damage.
You miss something. Something hits you.
* * * LOW HITPOINT WARNING * * *
Something shocks you.
You die...

######### #####
#.......#####...######
#.$........##........###
#..........##...........
#........!..............
#.......................
#.$...{@...#####........
.##.........# +........
#.........# #........
+..........# #........
##>?.................##
########...########.#
....# ....#


There were no monsters in sight!

Vanquished Creatures
  An ogre (D:5)
  A centaur (D:5)
  A bullfrog zombie (D:5)
  An orc wizard (D:3)
  A centaur skeleton (D:5)
  An iguana (D:5)
  8 gnolls
  6 adders
  A shadow imp (D:5)
  2 oozes
  2 adder skeletons (D:4)
  A worm (D:3)
  2 dart slugs
  2 leopard geckos
  3 orcs (D:3)
  4 ball pythons
  4 giant cockroaches
  7 goblins
  6 hobgoblins
  3 jackals
  12 kobolds
  A quokka (D:2)
  8 bats
  5 frilled lizards
  A leopard gecko skeleton (D:4)
  2 rats
86 creatures vanquished.

Notes
Turn   | Place    | Note
-------+----------+-------------------------------------------
     0 | D:1      | vineage the Hill Orc Fighter began the quest for the Orb.
     0 | D:1      | Reached XP level 1. HP: 19/19 MP: 1/1
   172 | D:1      | Reached skill level 3 in Axes
   172 | D:1      | Reached XP level 2. HP: 20/27 MP: 2/2
   821 | D:2      | Reached XP level 3. HP: 21/34 MP: 3/3
   824 | D:2      | Reached skill level 4 in Axes
   833 | D:2      | Reached XP level 4. HP: 10/41 MP: 4/4
  1307 | D:2      | Reached skill level 5 in Axes
  1743 | D:2      | Reached skill level 5 in Fighting
  1827 | D:2      | Reached XP level 5. HP: 34/48 MP: 5/5
  2166 | D:3      | Reached skill level 6 in Axes
  2194 | D:3      | Found a snail-covered altar of Cheibriados.
  2282 | D:3      | Reached XP level 6. HP: 28/56 MP: 6/6
  2999 | D:4      | Found an ornate altar of the Wu Jian Council.
  3196 | D:5      | Entered Level 5 of the Dungeon
  3214 | D:5      | Gained mutation: Your system is resistant to poisons. (rPois) [potion of mutation]
  3214 | D:5      | Gained mutation: Your spells are a little harder to cast, but a little more powerful. [potion of mutation]
  3215 | D:5      | Lost mutation: Your spells are a little harder to cast, but a little more powerful. [potion of mutation]
  3215 | D:5      | Lost mutation: Your system is resistant to poisons. (rPois) [potion of mutation]
  3215 | D:5      | Gained mutation: Potions are less effective at restoring your health. [potion of mutation]
  3215 | D:5      | Gained mutation: You evolve. [potion of mutation]
  3261 | D:5      | Reached skill level 7 in Axes
  3520 | D:5      | Reached skill level 8 in Axes
  3520 | D:5      | Reached XP level 7. HP: 58/63 MP: 7/7
  3917 | D:5      | HP: 2/63 [something (5)]
  3919 | D:5      | Slain by a sky beast

Vault maps used:
D:1:      dpeg_arrival_tiny_f, minmay_domino_4
D:2:      wad_river_or_something, serial_forest, infiniplex_forest_lined_2,
          infiniplex_forest_clump_medium, infiniplex_forest_lined_room_,
          infiniplex_forest_end_2, infiniplex_forest_clump_tiny
D:3:      cheibriados_altar_1
D:4:      kennysheep_little_box, hangedman_decor_points
D:5:      first_ration, minivault_24

Skill      XL: |  1  2  3  4  5  6 |
---------------+-------------------+-----
Fighting       | 4 5 6 |  6.1
Axes           | 3 4 5 6 8 |  8.4
Armour         | |  3.2
Shields        | |  3.2

Action                   |  1- 3 |  4- 6 |  7- 9 || total
-------------------------+-------+-------+-------++-------
Melee: War axe           |   110 |   209 |    40 ||   359
  Use: Scroll            |       |     6 |       ||     6
       Potion            |       |     2 |     1 ||     3
  Eat: Chunk             |       |     8 |       ||     8
       Ration            |       |       |     2 ||     2
Armor: Scale mail        |    47 |       |       ||    47
       Plate armour      |       |   155 |    20 ||   175
Dodge: Dodged            |    44 |    25 |     3 ||    72
Block: Shield            |    62 |   110 |     9 ||   181

Table legend:
 A = Spawn XP
 B = Non-spawn XP
 C = Spawn XP percentage of total XP
 D = Spawn monster count
 E = Non-spawn monster count
 F = Spawn count percentage of total count
 G = Total turns spent on level
                    A         B        C        D         E        F      G
               +---------+---------+-------+---------+---------+-------+---------
         Total |       0 |     745 |   0.0 |       0 |      86 |   0.0 |  3919
               +---------+---------+-------+---------+---------+-------+---------
           D:1 |       0 |      26 |   0.0 |       0 |      17 |   0.0 |   672
           D:2 |       0 |     164 |   0.0 |       0 |      31 |   0.0 |  1470
           D:3 |       0 |     160 |   0.0 |       0 |      26 |   0.0 |   640
           D:4 |       0 |      11 |   0.0 |       0 |       3 |   0.0 |   414
           D:5 |       0 |     384 |   0.0 |       0 |       9 |   0.0 |   723
               +---------+---------+-------+---------+---------+-------+---------
